 Dungeon Crawl Stone Soup version 0.29.1-1-gd02db6906a (webtiles) character file.

Game seed: 17741803588102065580

555 RascalDebosk the Chiller (level 7, 0/39 (46) HPs)
             Began as a Human Ice Elementalist on Sept 25, 2022.
             Slain by a wight
             ... wielding a +2 falchion
              (7 damage)
             ... on level 4 of the Dungeon.
             The game lasted 00:44:14 (4342 turns).

RascalDebosk the Chiller (Human Ice Elementalist)   Turns: 4342, Time: 00:44:15

HP:   0/39 (46)     AC:  3    Str:  9    XL:     7   Next: 56%
MP:   15/20         EV: 13    Int: 17    God:
Gold: 247           SH:  0    Dex: 13    Spells: 4/12 levels left

rFire   . . .      SeeInvis .   j - staff of cold
rCold   + . .      Faith    .   (no shield)
rNeg    . . .      Spirit   .   a - +0 robe
rPois   .          Reflect  .   (no helmet)
rElec   .          Harm     .   (no cloak)
rCorr   .          Rampage  .   q - +0 pair of gloves
Will    +....                   (no boots)
Stlth   ++........              (no amulet)
HPRegen 0.13/turn               g - ring of magical power
MPRegen 0.17/turn               x - ring of willpower

@: freezing walls, heavily drained
A: no striking features
a: no special abilities


You were on level 4 of the Dungeon.
You visited 1 branch of the dungeon, and saw 4 of its levels.

You collected 247 gold pieces.

Inventory:

Armour
 a - a +0 robe (worn)
 q - a +0 pair of gloves (worn)
Magical Staves
 j - a staff of cold (weapon)
Jewellery
 g - a ring of magical power (left hand)
 l - a +6 ring of dexterity
 x - a ring of willpower (right hand)
Wands
 v - a wand of paralysis (9)
Scrolls
 i - a scroll of identify
 m - a scroll of immolation
Potions
 b - a potion of magic
 d - a potion of cancellation
 e - 3 potions of curing
 h - a potion of resistance
 n - a potion of mutation {unknown}
 o - a potion of ambrosia {unknown}
 p - a potion of degeneration {unknown}
 r - a potion of lignification {unknown}
 w - 2 potions of brilliance


   Skills:
 + Level 3.6 Dodging
 + Level 3.6 Stealth
 + Level 3.2 Spellcasting
 + Level 2.7 Conjurations
 + Level 4.9 Ice Magic
 + Level 1.7 Air Magic
 + Level 2.8 Invocations


You had 4 spell levels left.
You knew the following spells:

 Your Spells              Type           Power      Damage    Failure   Level
a - Freeze                Ice            100%       1d11      2%          1
b - Frozen Ramparts       Ice            58%        1d9       7%          3
c - Ozocubu's Armour      Ice            29%        N/A       7%          3
d - Shock                 Conj/Air       40%        1d5       7%          1

Your spell library contained the following spells:

 Spells                   Type           Power      Damage    Failure   Level
 Necrotise                Necr           8%         1d4       17%         1
 Swiftness                Air            8%         N/A       26%         3
 Hailstorm                Conj/Ice       23%        3d7       34%         4
 Portal Projectile        Hex/Tloc       4%         N/A       45%         3
 Tukima's Dance           Hex            2%         N/A       45%         3
 Vampiric Draining        Necr           2%         2d6       45%         3
 Airstrike                Air            4%         2d(1-17)  63%         4
 Agony                    Necr           2%         N/A       99%         5
 Alistair's Intoxication  Tmut/Pois      1%         N/A       99%         5
 Blade Hands              Tmut           1%         N/A       99%         5
 Borgnjor's Vile Clutch   Necr/Erth      1%         N/A       99%         5
 Eringya's Noxious Bog    Tmut/Pois      1%         N/A       100%        6


Dungeon Overview and Level Annotations

Branches:
Dungeon (4/15)
 Temple: D:4-7

Altars:

Annotations:
D:3 2 runed translucent doors, DeathJelli's ghost, novice GrFi


Message History

Aim: a wight, wielding a +2 falchion and wearing a +0 robe (lightly damaged, 68% to hit)
The zap hits the wight.
The wight is heavily damaged.
The zap hits the wight.
The wight is moderately damaged.
* * * LOW MAGIC WARNING * * *
Your surroundings suddenly seem different.
Your icy armour cracks and falls away as you move.
The frozen ramparts melt away as you move.
You start resting.
Your magical contamination has completely faded away.
You start resting.
Magic restored.
You start resting.
A wight is nearby!
You start resting.
HP restored.
Things that are here:
a +0 dagger; a +0 robe
Found a scroll of identify.
i - a scroll of identify A worm comes into view.
The worm moves out of view.
Found a short sword.
Casting: Shock (safe; 7% risk of failure)
Confirm with . or Enter, or press ? or * to list all spells.
Casting: Frozen Ramparts (dangerous; 7% risk of failure)
Press: ? - help, Dir - look around, f - activate You feel a surge of power!
The walls around you are covered in ice.
The wall freezes the worm!
Casting: Frozen Ramparts (dangerous; 7% risk of failure)
Confirm with . or Enter, or press ? or * to list all spells.
Aiming: Freeze (safe; 2% risk of failure)
Press: ? - help, Shift-Dir - straight line, f - worm
Aim: a worm (heavily wounded)
You feel a surge of power!
You freeze the worm!
You kill the worm!
The frozen ramparts melt away as you move.
You see here a +0 short sword.
Found a stone staircase leading down.
Found a stone staircase leading down.
Casting: Freeze (safe; 2% risk of failure)
Confirm with . or Enter, or press ? or * to list all spells.
Casting: Frozen Ramparts (dangerous; 7% risk of failure)
Press: ? - help, Dir - look around, f - activate You feel a surge of power!
The walls around you are covered in ice.
The wight completely resists.
The wall freezes the wight but does no damage.
Aiming: Shock (safe; 7% risk of failure)
Press: ? - help, Q - select action, (/) - cycle Shift-Dir - straight line The zap misses the wight.
The zap hits the wight but does no damage.
The wight completely resists.
The wall freezes the wight but does no damage.
Casting: Shock (safe; 7% risk of failure)
Confirm with . or Enter, or press ? or * to list all spells.
Aiming: Freeze (safe; 2% risk of failure)
Press: ? - help, Shift-Dir - straight line, f - wight
Aim: a wight, wielding a +2 falchion and wearing a +0 robe You feel a surge of power!
You miscast Freeze.
You are very lightly contaminated with residual magic.
Nothing appears to happen.
The wight completely resists.
The wall freezes the wight but does no damage.
The wight hits you with a +2 falchion!
Casting: Freeze (safe; 2% risk of failure)
Confirm with . or Enter, or press ? or * to list all spells.
Aiming: Freeze (safe; 2% risk of failure)
Press: ? - help, Shift-Dir - straight line, f/p - wight
Aim: a wight, wielding a +2 falchion and wearing a +0 robe You feel a surge of power!
You freeze the wight.
The wight resists.
The wight is lightly damaged.
The wight completely resists.
The wall freezes the wight but does no damage.
The wight hits you with a +2 falchion!
* * * LOW HITPOINT WARNING * * *
Your frozen ramparts will break if you move.
Continue? [Y]es or [N]o only, please.
Your frozen ramparts will break if you move.
Continue? [Y]es or [N]o only, please.
Your frozen ramparts will break if you move.
Continue? [Y]es or [N]o only, please.
Your frozen ramparts will break if you move.
Continue?
The frozen ramparts melt away as you move.
Your magical contamination has completely faded away.
The wight barely misses you.
There is a stone staircase leading down here.
The wight attacks as you move away! The wight hits you with a +2 falchion!
* * * LOW HITPOINT WARNING * * *
The wight attacks as you move away! The wight barely misses you.
Casting: Freeze (safe; 2% risk of failure)
Confirm with . or Enter, or press ? or * to list all spells.
Casting: Frozen Ramparts (dangerous; 7% risk of failure)
Press: ? - help, Dir - look around, f - activate You feel a surge of power!
The walls around you are covered in ice.
The wight resists.
The wall freezes the wight.
The wight hits you with a +2 falchion!
You die...

*,* **,..##.# *,* *,*
*###*#.# *,* *,*****
#.# *,* *,,,,,* #.# *,*
*****,* #.# *,* *,*
##.# *,*
**********#.####..##*,*
*,,,<,,,,,,#....>..#*,*
*,********#.####@#.#*,*
*,* *,* #z#.#*,* ***
*,* *,** #.#.#*,* *,,
*,** *,,* #...#*,* *,,
*,,* **,*
#..##*,*********,, **,*
*,* #..# *,,,,,,,,,,,,
*,* *,* #>.#
*********,*,, *,* **,*
#..# *,*,, *,* *,,*
#..###########.#,,


You could see a wight.

Vanquished Creatures
  A scorpion (D:4)
  A wight (D:4)
  An orc priest (D:4)
  3 hounds
  A jelly (D:3)
  Jessica (D:2)
  An iguana (D:4)
  2 orc wizards (D:4)
  Robin (D:3)
  4 gnolls
  An adder (D:4)
  4 worms
  4 dart slugs
  16 orcs
  10 bats
  2 endoplasms (D:3)
  A giant cockroach (D:4)
  17 goblins
  9 hobgoblins
  6 jackals (D:3)
  4 kobolds
  4 quokkas
  5 ball pythons
  4 frilled lizards
  5 rats
108 creatures vanquished.

Notes
Turn   | Place    | Note
-------+----------+-------------------------------------------
     0 | D:1      | RascalDebosk the Human Ice Elementalist began the quest for
                  | the Orb.
     0 | D:1      | Reached XP level 1. HP: 13/13 MP: 3/3
   250 | D:1      | Reached XP level 2. HP: 13/19 MP: 0/5
  1117 | D:2      | Reached XP level 3. HP: 24/24 MP: 6/6
  1152 | D:2      | Found a faded altar of an unknown god.
  1244 | D:2      | Learned a level 3 spell: Frozen Ramparts
  1286 | D:2      | Noticed Jessica
  1307 | D:2      | Killed Jessica
  1308 | D:2      | Reached skill level 1 in Conjurations
  1308 | D:2      | Reached skill level 1 in Invocations
  1308 | D:2      | Reached XP level 4. HP: 21/30 MP: 7/7
  1781 | D:2      | Learned a level 3 spell: Ozocubu's Armour
  1822 | D:3      | Reached XP level 5. HP: 19/35 MP: 2/8
  2445 | D:3      | Noticed Robin
  2455 | D:3      | Killed Robin
  2863 | D:3      | Learned a level 1 spell: Shock
  2873 | D:3      | Reached XP level 6. HP: 41/41 MP: 10/10
  3209 | D:3      | Found a large runed translucent door.
  3210 | D:3      | Found a large runed translucent door.
  3214 | D:3      | Noticed DeathJelli's ghost (novice GrFi)
  3376 | D:4      | Reached skill level 1 in Air Magic
  3421 | D:4      | Reached XP level 7. HP: 12/46 MP: 4/11
  4342 | D:4      | Slain by a wight

Illustrated notes

Levels and vault maps discovered:
D:1:      dpeg_arrival_more_subterranean_lakeside_camping, layout_loops_ring
D:2:      layout_basic, hellmonk_ecumenical_altar_blasted,
          hangedman_decor_slide_cut, uniq_jessica
D:3:      minmay_bubble_buster, layout_loops_ring, ebering_ghost_disaster_area,
          amcnicky_mini_pool_small, cheibrodos_gnoll_hut, uniq_robin
D:4:      layout_loops_ring

Skill      XL: |  1  2  3  4  5  6 |
---------------+-------------------+-----
Conjurations   | 1 2 |  2.7
Invocations    | 1 2 |  2.8
Dodging        | 3 |  3.6
Stealth        | 3 |  3.6
Spellcasting   | 3 |  3.2
Air Magic      | 1 |  1.7
Ice Magic      | |  4.9

Action                   |  1- 3 |  4- 6 |  7- 9 || total
-------------------------+-------+-------+-------++-------
Melee: Staff             |       |    45 |     4 ||    49
 Cast: Freeze            |    37 |    35 |     5 ||    77
       Frozen Ramparts   |     2 |    16 |    10 ||    28
       Shock             |       |    20 |    35 ||    55
       Ozocubu's Armour  |       |     1 |     2 ||     3
  Use: Scroll            |       |    12 |     1 ||    13
       Potion            |       |       |     1 ||     1
Armor: Robe              |    10 |    16 |     1 ||    27
Dodge: Dodged            |    21 |    63 |    17 ||   101
